 Dungeon Crawl Stone Soup version 0.20.0-15-g7f486f2 (webtiles) character file.

14404 Ezendos the Archer (level 11, -6/99 (100) HPs)
             Began as a Centaur Hunter on June 1, 2017.
             Was a High Priest of Okawaru.
             Mangled by a spiny frog (14 damage)
             ... while paralysed by a hornet
             ... on level 2 of the Lair of Beasts on June 28, 2017.
             The game lasted 01:03:17 (15044 turns).

Ezendos the Archer (Centaur Hunter)                Turns: 15044, Time: 01:03:17

HP:   -6/99 (100)   AC:  9    Str: 19    XL:     11   Next: 88%
MP:   0/11          EV:  1    Int: 10    God:    Okawaru [*****.]
Gold: 621           SH:  0    Dex: 11    Spells: 10/10 levels left

rFire    + + .     SeeInvis +   a - +2 longbow "Yjok Sad" {speed, rElec MR+ Str+4 Dex-2}
rCold    . . .     Gourm    .   (shield currently unavailable)
rNeg     . . .     Faith    .   x - +0 ring mail {rF+}
rPois    +         Spirit   +   (no helmet)
rElec    +         Reflect  .   (no cloak)
rCorr    .         Harm     .   h - +2 pair of gloves
MR       +....                  (no barding)
Stlth    ..........             H - amulet of guardian spirit
Regen    0.7/turn               q - ring of protection from fire
MPRegen  0.2/turn               G - ring of poison resistance

@: paralysed, very quick
A: hooves 3, see invisible, deformed body, speed 2, regeneration 1, tough skin 3
a: Heroism, Finesse, Renounce Religion


You were on level 2 of the Lair of Beasts.
You worshipped Okawaru.
Okawaru was extremely pleased with you.
You were not hungry.

You visited 3 branches of the dungeon, and saw 13 of its levels.
You also visited: Ice Cave.

You collected 621 gold pieces.

Inventory:

Hand Weapons
 a - the +2 longbow "Yjok Sad" (weapon) {speed, rElec MR+ Str+4 Dex-2}
   (Okawaru gifted it to you on level 1 of the Lair of Beasts)

   Attacks with this weapon are significantly faster.
   It affects your strength (+4).
   It affects your dexterity (-2).
   It insulates you from electricity.
   It affects your resistance to hostile enchantments.
 c - the +1 longbow "Harem" {freeze, rC- Int+2 Dex+3}
   (You acquired it on level 8 of the Dungeon)

   It causes projectiles fired from it to freeze those they strike, causing
   extra injury to most foes and up to half again as much damage against
   particularly susceptible opponents.
   They can also slow down cold-blooded creatures.
   It affects your intelligence (+2).
   It affects your dexterity (+3).
   It makes you vulnerable to cold.
 v - a +0 quarterstaff of speed
Missiles
 d - 185 arrows (quivered)
Armour
 h - a +2 pair of gloves (worn)
 x - a +0 ring mail of fire resistance (worn)
 D - a +1 chain mail of magic resistance
Jewellery
 q - a ring of protection from fire (left hand)
 G - a ring of poison resistance (right hand)
 H - an amulet of guardian spirit (around neck)
Wands
 k - a wand of random effects (25/48)
 w - a wand of polymorph (24/24)
 C - a wand of lightning (9/15)
 E - a wand of random effects (26/48)
Scrolls
 b - 2 scrolls of enchant armour
 e - 7 scrolls of remove curse
 o - a scroll of random uselessness
 p - a scroll of recharging
 u - 4 scrolls of amnesia
 A - 4 scrolls of enchant weapon
Potions
 g - a potion of haste
 j - a potion of heal wounds {unknown}
 l - a potion of curing
 m - 2 potions of might
 r - 2 potions of berserk rage
 t - a potion of cancellation
 z - 3 potions of agility
 F - 2 potions of flight
 J - a potion of degeneration {unknown}
 L - a potion of lignification
Comestibles
 f - 7 bread rations
 i - 4 meat rations
 n - 4 fruits
 s - 3 chunks of flesh
 B - 5 royal jellies


   Skills:
 + Level 10.2 Fighting
 + Level 12.7 Bows
 - Level 2.3 Armour
 - Level 5.1 Dodging
 - Level 0.4 Stealth
 * Level 11.6 Unarmed Combat


You had 10 spell levels left.
You didn't know any spells.

Dungeon Overview and Level Annotations

Branches:
Dungeon (10/15)            Temple (1/1) D:4            Lair (2/6) D:10
  Swamp: Lair:2-4    Shoals: Lair:2-4     Snake: Lair:2-4    Spider: Lair:2-4
    Orc: D:9-12

Altars:
Ashenzari
Cheibriados
Dithmenos
Elyvilon
Fedhas
Gozag
Hepliaklqana
Kikubaaqudgha
Makhleb
Nemelex Xobeh
Okawaru
Qazlal
Ru
Sif Muna
Trog
Uskayaw
Vehumet
Xom
Yredelemnul
Zin
The Shining One

Annotations:
D:4 Wark's ghost, amateur OgTm
D:5 exclusion: downstairs
D:6 Grinder
D:8 Kiel97's ghost, novice DDWr


Innate Abilities, Weirdness & Mutations

You have hooves in place of feet.
Armour fits poorly on your strangely shaped body.
You cover ground very quickly.
You have extremely tough skin. (AC +3)
You have supernaturally acute eyesight. (SInv)
Your natural rate of healing is unusually fast.


Message History

You shoot an arrow. The arrow hits the hornet!
The hornet is severely wounded.
The hornet stings you but does no damage.
Firing (i - inventory):
d - 186 arrows (quivered)
Press: ? - help, Shift-Dir - straight line, f/p - hornet
Aim: a hornet (heavily wounded)
You shoot an arrow. The arrow barely misses the hornet.
The hornet barely misses you. The spiny frog stings you! The hornet stings you.
You suddenly lose the ability to move!
The spiny frog stings you! The hornet stings you!
You shrug off the repeated paralysis!
The spiny frog stings you!!
The hornet stings you but does no damage.
The spiny frog stings you!
* * * LOW HITPOINT WARNING * * *
The hornet stings you!
* * * LOW HITPOINT WARNING * * *
The hornet stings you!
* * * LOW HITPOINT WARNING * * *
The spiny frog stings you!
You die...

.....(.# ..≈≈#≈≈...'..#. ..###.P#
♣...(⌠..≈≈#≈≈...'..#. ## #..##
#.......≈≈♣≈P...'.... ###..#
#≈.....♣P≈#P....#.... #...##
#≈≈.(. .. #....♣#...# ##.#.#
#≈≈.(. ♣♣..♣##.### ###.####
##≈.(♣♣#####''##### ...####
#≈≈.yF...P#....# P##...##
#≈≈≈@.....'....### ####...#
#≈≈≈≈≈....'...P#.# # ##.##
#8≈≈≈≈≈♣♣♣#..P♣#.##
#.###############♣ ######.P###
###.##..# #.###..# #..#.###.
#######.#..# ##.#...# ##....#...
...#.....#.# #.#....####........#
....).###.#####.......#.#........
.##P### ##..##.....#..........#..


You could see a spiny frog and a hornet.

Vanquished Creatures
  A two-headed ogre (D:8)
  A lindwurm (Lair:2)
  A cyclops (D:8)
  2 spiny frogs (Lair:1)
  A rime drake (IceCv)
  A komodo dragon (Lair:2)
  A troll (D:10)
  5 blink frogs
  5 hippogriffs
  14 yaks
  A wyvern (D:10)
  A hungry ghost (D:8)
  3 water moccasins
  12 porcupines
  15 ice beasts
  2 sky beasts
  A black bear (D:8)
  5 orc warriors
  A necrophage (D:8)
  4 ogres
  4 phantoms
  7 crocodiles
  3 centaurs
  A big kobold (D:7)
  7 bullfrogs
  4 scorpions
  A water moccasin skeleton (D:8)
  6 killer bees
  5 howler monkeys
  5 crimson imps
  2 bullfrog zombies
  6 hounds
  A bullfrog skeleton (D:6)
  2 jellies
  6 orc priests
  An iguana (D:8)
  9 orc wizards
  Terence (D:2)
  5 worker ants
  A killer bee zombie (D:5)
  A hound skeleton (D:5)
  A worker ant zombie (D:9)
  4 gnolls
  7 adders
  A shadow imp (D:5)
  2 oozes (D:2)
  3 adder skeletons
  2 worms
  A dart slug (D:2)
  5 leopard geckos
  33 orcs
  4 ball pythons
  4 giant cockroaches
  8 goblins
  3 hobgoblins
  3 quokkas
  6 bats
  5 frilled lizards
  A jackal skeleton (D:7)
  18 kobolds
  A leopard gecko zombie (D:7)
  A quokka zombie (D:5)
  5 rats
  A fungus (D:10)
274 creatures vanquished.

Vanquished Creatures (others)
  6 fungi
  18 plants
24 creatures vanquished.

Grand Total: 298 creatures vanquished

Notes
Turn   | Place    | Note
-------+----------+-------------------------------------------
     0 | D:1      | Ezendos the Centaur Hunter began the quest for the Orb.
     0 | D:1      | Reached XP level 1. HP: 17/17 MP: 1/1
   375 | D:1      | Reached skill level 1 in Unarmed Combat
   407 | D:1      | Reached XP level 2. HP: 24/25 MP: 2/2
  1293 | D:2      | Reached XP level 3. HP: 29/30 MP: 3/3
  1357 | D:2      | Noticed Terence
  1363 | D:2      | Killed Terence
  1515 | D:2      | Reached XP level 4. HP: 33/38 MP: 4/4
  2486 | D:3      | Reached XP level 5. HP: 12/46 MP: 5/5
  3055 | D:3      | Found a shattered altar of Ashenzari.
  3083 | D:3      | Found an opulent altar of Gozag.
  3305 | D:4      | Found a staircase to the Ecumenical Temple.
  3346 | Temple   | Entered the Ecumenical Temple
  3442 | Temple   | Became a worshipper of Warmaster Okawaru
  3602 | D:4      | Found a stormy altar of Qazlal.
  3713 | D:4      | Found a deep blue altar of Sif Muna.
  3857 | D:4      | Noticed Wark's ghost (amateur OgTm)
  3993 | D:5      | Entered Level 5 of the Dungeon
  4040 | D:5      | Reached XP level 6. HP: 18/53 MP: 6/6
  4322 | D:5      | Found a white marble altar of Elyvilon.
  4322 | D:5      | Found a hazy altar of Hepliaklqana.
  4405 | D:5      | Reached skill level 6 in Bows
  4714 | D:5      | Reached * piety under Okawaru
  4714 | D:5      | Reached XP level 7. HP: 43/60 MP: 7/7
  5226 | D:5      | Found a shadowy altar of Dithmenos.
  5237 | D:5      | Reached skill level 5 in Fighting
  5948 | D:4      | Gained mutation: You have supernaturally acute eyesight. (SInv) [potion of mutation]
  5948 | D:4      | Gained mutation: Your natural rate of healing is unusually fast. [potion of mutation]
  6184 | D:6      | Noticed Grinder
  6299 | D:6      | Reached skill level 7 in Bows
  6452 | D:6      | Reached XP level 8. HP: 64/69 MP: 8/8
  6789 | D:7      | Noticed a hippogriff
  6836 | D:7      | Killed a hippogriff
  6836 | D:7      | Reached skill level 5 in Unarmed Combat
  7212 | D:7      | Reached ** piety under Okawaru
  7212 | D:7      | Reached skill level 8 in Bows
  7729 | D:8      | Noticed Kiel97's ghost (novice DDWr)
  7788 | D:8      | Noticed a hippogriff
  7881 | D:7      | Reached XP level 9. HP: 78/78 MP: 9/9
  8050 | D:8      | Reached skill level 1 in Armour
  8641 | D:8      | Reached skill level 9 in Bows
  8661 | D:8      | Noticed a two-headed ogre
  8889 | D:8      | Reached *** piety under Okawaru
  8987 | D:8      | Killed a two-headed ogre
  8987 | D:8      | Reached skill level 5 in Dodging
  9568 | D:8      | Noticed a cyclops
  9568 | D:8      | Upgraded the game from 0.20.0-8-g6b59dc7 to 0.20.0-15-g7f486f2
  9617 | D:8      | Reached **** piety under Okawaru
  9617 | D:8      | Reached skill level 10 in Bows
  9739 | D:8      | Reached XP level 10. HP: 24/88 MP: 10/10
  9913 | D:8      | Killed a cyclops
 10129 | D:8      | Identified a scroll of acquirement
 10130 | D:8      | HP: 2/88 [yak (5)]
 10133 | D:8      | Got an encrusted longbow
 10264 | D:8      | Identified the +1 longbow "Harem" {freeze, rC- Int+2 Dex+3} (You acquired it on level 8 of the Dungeon)
 10848 | D:8      | Received a gift from Okawaru
 11317 | D:9      | Reached ***** piety under Okawaru
 11323 | D:9      | Received a gift from Okawaru
 11410 | D:8      | Reached skill level 11 in Bows
 12008 | D:10     | Entered Level 10 of the Dungeon
 12100 | D:10     | Found a staircase to the Lair.
 12193 | D:10     | Received a gift from Okawaru
 12236 | D:10     | Reached XP level 11. HP: 81/96 MP: 7/11
 12712 | D:10     | Reached skill level 10 in Unarmed Combat
 12719 | D:10     | Received a gift from Okawaru
 12887 | Lair:1   | Entered Level 1 of the Lair of Beasts
 13386 | Lair:1   | Reached skill level 12 in Bows
 13597 | Lair:1   | Received a gift from Okawaru
 13827 | Lair:1   | Received a gift from Okawaru
 13830 | Lair:1   | Got a fine longbow {god gift}
 13864 | Lair:1   | Identified the +2 longbow "Yjok Sad" {speed, rElec MR+ Str+4 Dex-2} (Okawaru gifted it to you on level 1 of the Lair of Beasts)
 14229 | Lair:2   | Reached skill level 10 in Fighting
 14363 | Lair:2   | Found a frozen archway.
 14524 | IceCv    | Entered an ice cave
 14816 | Lair:2   | Noticed a lindwurm
 15035 | Lair:2   | Killed a lindwurm
 15041 | Lair:2   | Paralysed by a hornet for 3 turns
 15044 | Lair:2   | Mangled by a spiny frog

Skill      XL: |  1  2  3  4  5  6  7  8  9 10 11 |
---------------+----------------------------------+-----
Unarmed Combat | 1 2 3 4 5 7 9 11 | 11.6
Fighting       | 3 4 5 6 8 9 10 | 10.2
Dodging        | 2 3 4 5 |  5.1
Bows           | 6 7 8 10 11 12 | 12.7
Armour         | 2 |  2.3
Stealth        | |  0.4

Action                   |  1- 3 |  4- 6 |  7- 9 | 10-12 || total
-------------------------+-------+-------+-------+-------++-------
Melee: Unarmed           |   100 |    60 |   299 |   394 ||   853
       Kick              |    21 |    30 |   117 |   116 ||   284
       Short sword       |     5 |       |       |       ||     5
       Dagger            |     1 |   140 |    49 |       ||   190
       Punch             |     1 |     1 |     6 |    18 ||    26
       Quarterstaff      |       |    15 |   155 |     3 ||   173
 Fire: Shortbow          |    14 |    33 |    92 |    36 ||   175
       Longbow           |       |       |       |   178 ||   178
Invok: Heroism           |       |       |     1 |     1 ||     2
  Use: Scroll            |       |     5 |     7 |     9 ||    21
       Potion            |       |       |     1 |     6 ||     7
  Eat: Chunk             |     1 |     8 |    16 |    11 ||    36
       Fruit             |       |       |     2 |       ||     2
       Royal jelly       |       |       |     1 |       ||     1
       Meat ration       |       |       |       |     1 ||     1
Armor: Leather armour    |    36 |    82 |     1 |       ||   119
       Ring mail         |       |       |   157 |   130 ||   287
Dodge: Dodged            |    65 |   110 |   247 |   224 ||   646
